 Dungeon Crawl Stone Soup version 0.29.1-1-gd02db6906a (webtiles) character file.

Game seed: 7461564891048546445

485 pacmanke6689 the Poker (level 7, 0/55 HPs)
             Began as a Formicid Fighter on Sept 27, 2022.
             Slain by an orc
             ... wielding a +0 trident
              (5 damage)
             ... on level 4 of the Dungeon.
             The game lasted 00:11:58 (3162 turns).

pacmanke6689 the Poker (Formicid Fighter)           Turns: 3162, Time: 00:11:59

Health: 0/55       AC:  9    Str: 21    XL:     7   Next: 35%
Magic:  7/7        EV: 10    Int: 13    God:
Gold:   93         SH:  5    Dex: 15    Spells: 6/7 levels left

rFire   . . .      SeeInvis +   p - +0 scythe
rCold   . . .      Faith    .   c - +0 buckler
rNeg    . . .      Spirit   .   b - +1 scale mail
rPois   .          Reflect  .   (helmet unavailable)
rElec   .          Harm     .   (no cloak)
rCorr   .          Rampage  .   (no gloves)
Will    .....                   e - +0 pair of boots
Stlth   ..........              (no amulet)
HPRegen 0.18/turn               k - +6 ring of intelligence
MPRegen 0.10/turn               (no ring)

@: studying Fighting, invisible
A: permanent stasis, dig shafts and tunnels, antennae 3, four strong arms,
mutation resistance 1
a: Dig, Shaft Self


You were on level 4 of the Dungeon.
You visited 1 branch of the dungeon, and saw 4 of its levels.

You collected 212 gold pieces.
You spent 119 gold pieces at shops.

Inventory:

Hand Weapons
 a - a +0 trident
 p - a +0 scythe (weapon)
 r - a +3 halberd of protection
Armour
 b - a +1 scale mail (worn)
 c - a +0 buckler (worn)
 e - a +0 pair of boots (worn)
Jewellery
 k - a +6 ring of intelligence (left hand)
 n - an amulet of regeneration
Wands
 d - a wand of polymorph (5)
Scrolls
 i - 3 scrolls of blinking {unknown}
 j - a scroll of noise
 q - a scroll of butterflies {unknown}
Potions
 g - a potion of cancellation
 m - a potion of degeneration
 o - a potion of brilliance {unknown}


   Skills:
 + Level 4.6 Fighting
 + Level 5.1 Polearms
 + Level 4.8 Armour
 + Level 1.6 Dodging
 + Level 0.6 Stealth
 + Level 5.0 Shields
 + Level 0.6 Spellcasting
 + Level 0.6 Ice Magic


You had 6 spell levels left.
You knew the following spells:

 Your Spells              Type           Power      Damage    Failure   Level
a - Freeze                Ice            8%         1d3       56%         1

Your spell library contained the following spells:

 Spells                   Type           Power      Damage    Failure   Level
 Ensorcelled Hibernation  Hex/Ice        2%         N/A       77%         2
 Stone Arrow              Conj/Erth      0%         3d7       96%         3
 Animate Armour           Summ/Erth      0%         N/A       100%        4
 Corpse Rot               Necr/Pois/Air  0%         N/A       100%        4
 Alistair's Intoxication  Tmut/Pois      0%         N/A       100%        5
 Manifold Assault         Tloc           0%         N/A       100%        5
 Storm Form               Tmut/Air       0%         N/A       100%        7
 Lehudib's Crystal Spear  Conj/Erth      0%         10d2      100%        8
 Blink                    Tloc           Unusable   N/A       N/A         2

Dungeon Overview and Level Annotations

Branches:
Dungeon (4/15)
 Temple: D:4-7

Altars:
Elyvilon
Ru

Shops:
D:1 !   D:3 (

Annotations:
D:4 Menkaure


Innate Abilities, Weirdness & Mutations

You cannot be hasted, slowed, berserked, paralysed or teleported.
You can dig through walls and to a lower floor.
You have a pair of large antennae on your head. (SInv)
Your four strong arms can wield two-handed weapons with a shield.
You are somewhat resistant to further mutation.


Message History

You block the orc's attack.
The orc wizard mumbles some strange words.
The orc wizard flickers and vanishes for a moment.
The orc hits you with a +0 whip.
You closely miss the orc.
The orc is moderately wounded.
The orc closely misses you.
You hit the orc but do no damage.
The orc is moderately wounded.
The orc barely misses you.
You hit the orc but do no damage.
The orc is moderately wounded.
The orc hits you but does no damage. x2
You puncture the orc!
You kill the orc!
You barely miss the orc wizard.
The orc wizard is heavily wounded.
The orc wizard closely misses you.
You slash the orc wizard!
You kill the orc wizard!
Menkaure gestures at you while chanting.
Pain shoots through your body! Menkaure hits you!
The orc hits you but does no damage.
Items here: )) [[ †.
You slash Menkaure!
Menkaure is heavily damaged.
You block Menkaure's attack.
Menkaure calls on the powers of darkness!
Your body is wracked with pain!
* * * LOW HITPOINT WARNING * * *
The orc wizard convulses!
The orc convulses!
The orc hits you from afar with a +0 trident.
* * * LOW HITPOINT WARNING * * *
You fade into invisibility!
Menkaure calls on the powers of darkness!
Your body is wracked with pain!
* * * LOW HITPOINT WARNING * * *
The orc wizard convulses!
The orc convulses! x2
The orc hits you from afar with a +0 trident.
You die...

...##############
##................
#...PPPP..####.._. .P
####................. ...
.....#.####.#.##.#### ##..
o.......###.#.##.#######...
{ #......#.....##.....#
#....o####...##....# {
#..####...oM@.....##.)).#
#......##.#####.###.†.#
#####..#......#.##....# {
##.####.....#))#### #.#
#.#.###)## ... #.#.#)†.#
##. #.#..)### #.# #.#..###
#...#......#


You could see Menkaure (fast), an orc wizard (invisible, unable to see you) and
an orc (unable to see you).

Vanquished Creatures
  Sigmund (D:4)
  A necrophage (D:4)
  An orc priest (D:4)
  An orc wizard (D:4)
  Ijyb (D:4)
  7 gnolls (D:4)
  5 adders
  2 worms (D:3)
  3 dart slugs
  14 orcs (D:4)
  An endoplasm (D:1)
  5 giant cockroaches
  4 goblins
  7 hobgoblins
  6 quokkas
  7 ball pythons
  5 bats
  5 frilled lizards
  2 kobolds
  3 rats
  A spectral goblin (D:1)
82 creatures vanquished.

Notes
Turn   | Place    | Note
-------+----------+-------------------------------------------
     0 | D:1      | pacmanke6689 the Formicid Fighter began the quest for the
                  | Orb.
     0 | D:1      | Reached XP level 1. HP: 18/18 MP: 1/1
   186 | D:1      | Found a faded altar of an unknown god.
   227 | D:1      | Reached XP level 2. HP: 17/24 MP: 2/2
   320 | D:1      | Found Feaxyl's Distillery.
   736 | D:1      | Reached XP level 3. HP: 21/29 MP: 3/3
   891 | D:1      | Gained mutation: You expend magic power (3 MP) to
                  | strengthen your wands. [potion of mutation]
   891 | D:1      | Gained mutation: You are agile. (Dex +4, Str/Int -1)
                  | [potion of mutation]
   891 | D:1      | Gained mutation: You possess an exceptional clarity of
                  | mind. [potion of mutation]
  1310 | D:2      | Reached XP level 4. HP: 37/37 MP: 4/4
  1600 | D:3      | Got the Treatise on Poisonous Cold
  1877 | D:3      | Identified a scroll of acquirement
  1877 | D:3      | Acquired a manual of Fighting
  2003 | D:3      | Found a sacrificial altar of Ru.
  2174 | D:3      | Found Soimown's Antique Weapon Boutique.
  2178 | D:3      | Bought a glowing halberd for 119 gold pieces
  2209 | D:3      | Reached XP level 5. HP: 42/42 MP: 5/5
  2545 | D:4      | Learned a level 1 spell: Freeze
  2556 | D:4      | Noticed Sigmund
  2565 | D:4      | Killed Sigmund
  2566 | D:4      | Reached skill level 1 in Dodging
  2566 | D:4      | Reached XP level 6. HP: 29/48 MP: 2/6
  2819 | D:4      | Reached XP level 7. HP: 15/55 MP: 7/7
  2829 | D:4      | Reached skill level 5 in Polearms
  2831 | D:4      | Reached skill level 5 in Shields
  3029 | D:4      | Noticed Ijyb
  3036 | D:4      | Killed Ijyb
  3104 | D:4      | Lost mutation: You are agile. (Dex +4, Str/Int -1) [potion
                  | of mutation]
  3104 | D:4      | Lost mutation: You possess an exceptional clarity of mind.
                  | [potion of mutation]
  3104 | D:4      | Lost mutation: You expend magic power (3 MP) to strengthen
                  | your wands. [potion of mutation]
  3104 | D:4      | Gained mutation: You are somewhat resistant to further
                  | mutation. [potion of mutation]
  3121 | D:4      | Found a white marble altar of Elyvilon.
  3137 | D:4      | Noticed Menkaure
  3162 | D:4      | Slain by an orc

Illustrated notes

Levels and vault maps discovered:
D:1:      onia_arrival_mini_spirals, layout_loops_ring,
          dreamdust_ecumenical_altar_drowned_temple, serial_shops, shop
D:2:      layout_rooms, corexii_item_surrounded_by_moat
D:3:      layout_loops_corners, mainiacjoe_overflow_alcove_1, serial_shops,
          nicolae_shop_trees, reono_crystal_passage, saegor_snake_ambush
D:4:      layout_basic, mainiacjoe_overflow_boulevard, marbit_many_paths,
          amcnicky_mini_rare_corridor_liquid, minmay_cupped, uniq_blork_the_orc,
          uniq_sigmund, uniq_edmund, uniq_menkaure, uniq_ijyb, uniq_duvessa

Skill      XL: |  1  2  3  4  5  6  7 |
---------------+----------------------+-----
Armour         | 4 |  4.8
Polearms       | 3 4 5 |  5.1
Fighting       | 4 |  4.6
Dodging        | 1 |  1.6
Shields        | 5 |  5.0
Stealth        | |  0.6
Spellcasting   | |  0.6
Ice Magic      | |  0.6

Action                   |  1- 3 |  4- 6 |  7- 9 || total
-------------------------+-------+-------+-------++-------
Melee: Trident           |   117 |    47 |       ||   164
       Halberd           |       |    42 |    40 ||    82
 Cast: Freeze            |       |     1 |       ||     1
  Use: Scroll            |     6 |    10 |     1 ||    17
       Potion            |     1 |     4 |     6 ||    11
 Stab: Invisible         |       |       |     3 ||     3
Armor: Scale mail        |    74 |    46 |    16 ||   136
Dodge: Dodged            |    54 |    45 |    18 ||   117
Block: Buckler           |    43 |    26 |    12 ||    81
